cohdb
Replays
Latest Replays
All Replays
Popular Replays
Top Player Replays
Match Explorer
How It Works
Community
CoH3 Stats
Reddit
Sign in to upload your games and track your stats! →
Sign in with Steam
Match 45383679
Unlisted
Match 45383679
Overview
Messages
Build Orders
End
Construct Barracks
Selects Advanced Infantry Battlegroup
Riflemen Squad
Riflemen Squad
M1 Mortar Team
Construct Weapon Support Center
Selects Convert to Ranger Squad
M1919 Machine Gun Team
Construct Medical Station
Selects Frontline Medical Station
Convert to Ranger Squad
Frontline Medical Station
Improved M9 Bazooka Rockets
Riflemen Squad
Infantry Support Center
Construct Motor Pool
Selects Infantry Assault
Infantry Assault
M24 Chaffee Light Tank
M24 Chaffee Light Tank
Riflemen Squad
Selects Ammunition Storage
Infantry Assault
Selects M2A1 105mm Howitzer Emplacement
M24 Chaffee Light Tank
M24 Chaffee Light Tank
Infantry Assault
Selects 155mm Rapid Artillery Barrage
Engineer Squad
Riflemen Squad
Riflemen Squad
Convert to Ranger Squad
Riflemen Squad
155mm Rapid Artillery Barrage
Me
greentacos
Urge to Merge
RedneckRambo69
869d0bba
Bichedesbois
Hold My Beer
rapidtruck
0
0
Comments
sign in to comment!
No comments posted yet!